[Event "*** Titled Tuesday Blitz"]
[Site "Chess.com"]
[Date "2020.11.10"]
[Round "5"]
[White "Igor_Lysyj"]
[Black "AnishOnYoutube"]
[Result "0-1"]
[WhiteElo "2822"]
[BlackElo "2980"]
[TimeControl "180+1"]
[EndTime "10:58:30 PST"]
[Termination "AnishOnYoutube won by resignation"]

1. d4 Nf6 2. Nf3 g6 3. c4 Bg7 4. Nc3 O-O 5. e4 d6 6. Be2 e5 7. O-O h6 8. dxe5 dxe5 9. Be3 Nbd7 10. Qc1 Kh7 11. Rd1 c6 12. Nxe5 Qe7 13. Nxd7 Bxd7 14. f3 Nh5 15. Qd2 Be6 16. Qd6 Qxd6 17. Rxd6 Be5 18.
Rd2 Nf4 19. Bf1 g5 20. Rad1 Ng6 21. Na4 b6 22. b3 c5 23. Nb2 Bc3 24. Rc2 Bg7 25. Nd3 Rad8 26. Nf2 f5 27. Rxd8 Rxd8 28.
Rd2 Rxd2 29. Bxd2 fxe4 30. Nxe4 Bd4+ 31. Kh1 Bf5 32. Bd3 Bd7 33. Nd6 Kg7 34. Nf5+ Bxf5 35. Bxf5 Nf4 36. g3 Ne2 37. Kg2 Nc3 38. a4 Nd1 39. Be4 Ne3+ 40. Kh3 h5 41. f4 g4+ 42. Kh4 Kh6 0-1

[Event "*** Titled Tuesday Blitz"]
[Site "Chess.com"]
[Date "2020.11.10"]
[Round "5"]
[White "Tactictic"]
[Black "Pavlov_Sergey"]
[Result "0-1"]
[WhiteElo "2430"]
[BlackElo "2621"]
[TimeControl "180+1"]
[EndTime "10:58:30 PST"]
[Termination "Pavlov_Sergey won on time"]

1. e4 Nf6 2. e5 Nd5 3. d4 d6 4.
c4 Nb6 5. exd6 exd6 6. Nc3 Nc6 7.
Bd3 Nxd4 8. Bxh7 Rxh7 9. Qxd4 Rh4 10. Qe3+ Qe7 11. b3 Bf5 12. Nf3 Rh8 13. Nd4 Bg6 14. O-O Qxe3 15. Bxe3 O-O-O 16. a4 a6 17. a5 Nd7 18. b4 Ne5 19. Nd5 Bd3 20. Rfc1 Bxc4 21. Nxc7 Kxc7 22. f4 d5 23. fxe5 Bxb4 24. Nc2 Bc3 25.
Bb6+ Kb8 26. Rab1 Rde8 27. Nd4 Bd2 28. Rc2 Be3+ 29. Kh1 Bf4 30. Nc6+ Ka8 31. g3 Bxg3 0-1

[Event "*** Titled Tuesday Blitz"]
[Site "Chess.com"]
[Date "2020.11.10"]
[Round "5"]
[White "SamuelGhimpu2003"]
[Black "Marianov_Podstavnikov"]
[Result "1-0"]
[WhiteElo "2564"]
[BlackElo "2249"]
[TimeControl "180+1"]
[EndTime "10:58:30 PST"]
[Termination "SamuelGhimpu2003 won by resignation"]

1. d4 Nf6 2. c4 e6 3. Nc3 Bb4 4. Qc2 b6 5. e4 c5 6. d5 Qe7 7. Ne2 exd5 8. exd5 d6 9. Bd2 O-O 10. O-O-O g6 11. Ng3 Ng4 12. a3 Nxf2 13. axb4 Nxd1 14. Nxd1 Nd7 15. Bd3 Ne5 16. Re1 f5 17. Bf1 Bd7 18.
bxc5 bxc5 19. Nf2 Rab8 20. Nd3 Nxd3+ 21. Bxd3 Qh4 22. Bc3 Rfe8 23. Rxe8+ Rxe8 24. Nf1 Qf4+ 25. Kb1 a5 26. Bxa5 Ra8 27. Bc3 Ba4 28. Qe2 Bd7 29.
Qe7 Ra1+ 30. Kxa1 Qc1+ 31. Ka2 1-0

[Event "*** Titled Tuesday Blitz"]
[Site "Chess.com"]
[Date "2020.11.10"]
[Round "5"]
[White "Oligan22"]
[Black "Kazmin_Dmitrij"]
[Result "1-0"]
[WhiteElo "2434"]
[BlackElo "2266"]
[TimeControl "180+1"]
[EndTime "10:58:30 PST"]
[Termination "Oligan22 won on time"]

1. e4 e5 2. Nf3 d6 3. Nc3 Nf6 4. d4 exd4 5. Nxd4 Be7 6. Be3 O-O 7. f3 Re8 8. Qd2 c6 9. O-O-O b5 10. g4 b4 11. Nce2 c5 12. Nf5 Bxf5 13. gxf5 Nbd7 14. Rg1 Kh8 15. Nf4 Ne5 16. Qg2 Rg8 17. Kb1 a5 18.
Bxc5 Qc7 19. Bd4 a4 20. Nd5 Nxd5 21. exd5 Bf6 22. f4 Nd7 23. Bb5 Bxd4 24. Rxd4 Nf6 25. Rxb4 Qc5 26. Rxa4 Rab8 27. Bc6 Rxb2+ 28. Ka1 Qc3 29. Qg3 Qxc2 30. Ra8 1-0

[Event "*** Titled Tuesday Blitz"]
[Site "Chess.com"]
[Date "2020.11.10"]
[Round "5"]
[White "QuintilianoR"]
[Black "djano"]
[Result "1-0"]
[WhiteElo "2701"]
[BlackElo "2477"]
[TimeControl "180+1"]
[EndTime "10:58:32 PST"]
[Termination "QuintilianoR won by checkmate"]

1. d4 Nf6 2. Nf3 g6 3. c4 Bg7 4.
Nc3 O-O 5. e4 d6 6. Be2 e5 7. O-O Nc6 8. d5 Ne7 9. b4 a5 10. Ba3 axb4 11. Bxb4 Ne8 12. a4 f5 13. Nd2 Nf6 14. c5 f4 15. cxd6 cxd6 16. Nb5 Ra6 17.
Rc1 g5 18. Nc7 g4 19. Nxa6 bxa6 20. Rxc8 Qxc8 21. Bxd6 Ng6 22. Bxf8 Bxf8 23. Qc1 Qd8 24. Qc6 f3 25. Bxa6 Nf4 26. gxf3 gxf3 27. Nxf3 Nxe4 28.
Kh1 Kh8 29. Nxe5 Qh4 30. Qe8 Qf6 31. Nd7 Nxf2+ 32. Rxf2 Qa1+ 33. Rf1 Qb2 34. Qxf8# 1-0

[Event "*** Titled Tuesday Blitz"]
[Site "Chess.com"]
[Date "2020.11.10"]
[Round "5"]
[White "zmeeed67"]
[Black "AldokhinIvan"]
[Result "0-1"]
[WhiteElo "2371"]
[BlackElo "2554"]
[TimeControl "180+1"]
[EndTime "10:58:32 PST"]
[Termination "AldokhinIvan won by resignation"]

1. e4 c5 2. g3 d5 3. exd5 Qxd5 4. Qf3 Qd8 5. Bg2 Nc6 6. Ne2 Nf6 7. h3 e5 8. d3 Be7 9. O-O O-O 10. a3 c4 11.
dxc4 e4 12. Qb3 Be6 13. Bd2 Qc8 14. Kh2 Ne5 15. Nbc3 Bxc4 16. Qa4 b5 17. Nxb5 Bxe2 18. Rfe1 Nf3+ 19. Bxf3 Bxf3 20. Nd4 Bc5 21. Be3 Bxd4 22. Bxd4 Ng4+ 23. Kg1 Ne5 24. Kh2 Nc6 25. Be3 Qe6 26. c4 Ne5 27. b3 Ng4+ 28. Kg1 Nxe3 29. Rxe3 Qxh3 0-1

[Event "*** Titled Tuesday Blitz"]
[Site "Chess.com"]
[Date "2020.11.10"]
[Round "5"]
[White "B-man"]
[Black "Flopezin"]
[Result "1-0"]
[WhiteElo "2569"]
[BlackElo "2393"]
[TimeControl "180+1"]
[EndTime "10:58:33 PST"]
[Termination "B-man won by resignation"]

1. d4 Nf6 2. c4 e6 3. Nc3 Bb4 4. Bd2 c5 5. a3 Bxc3 6. Bxc3 Ne4 7. Qc2 Nxc3 8. Qxc3 cxd4 9. Qxd4 Qf6 10. Nf3 Qxd4 11.
Nxd4 a6 12. g3 b6 13. Bg2 Ra7 14. Kd2 Bb7 15. Bxb7 Rxb7 16. h4 h5 17. Rhc1 Nc6 18.
Kd3 Nxd4 19. Kxd4 d6 20. b4 Kd7 21. e4 Rc8 22. Rc3 Rbc7 23. Rac1 e5+ 24. Kd3 b5 25. cxb5 axb5 26. Rxc7+ Rxc7 27. Rxc7+ Kxc7 28. Kc3 Kc6 29. Kb3 d5 30. exd5+ Kxd5 31. a4 bxa4+ 32. Kxa4 Kc6 33. b5+ Kb6 34. Kb4 f5 35. Kc4 f4 36. Kd5 Kxb5 37.
Kxe5 f3 38. Kf4 Kc5 39. Kxf3 Kd5 40. Kf4 Ke6 41. Kg5 1-0

[Event "*** Titled Tuesday Blitz"]
[Site "Chess.com"]
[Date "2020.11.10"]
[Round "5"]
[White "akanga001"]
[Black "WeAintSurePal"]
[Result "0-1"]
[WhiteElo "1922"]
[BlackElo "2305"]
[TimeControl "180+1"]
[EndTime "10:58:34 PST"]
[Termination "WeAintSurePal won on time"]

1. d4 Nf6 2. c4 e6 3. Nf3 Bb4+ 4. Bd2 c5 5. e3 O-O 6. g3 b6 7. Bg2 Bb7 8. O-O Bxd2 9. Nbxd2 cxd4 10. exd4 d6 11. Qc2 Nc6 12. a3 Rc8 13. b4 a6 14.
Rac1 Ne7 15. Rfe1 Rc7 16. Qd3 Qa8 17. Nh4 Rfc8 18. Bxb7 Qxb7 19. Ng2 Ng6 20. h4 h5 21. Nf3 a5 22. Ng5 axb4 23. axb4 Qa6 24. Ne3 d5 25. b5 dxc4 26. bxa6 cxd3 27. Rxc7 Rxc7 28. Ra1 Ra7 29. Nc4 Nd5 30. Ne4 Nb4 31. Nxb6 Rxa6 32. Rxa6 Nxa6 33. Nc4 Nb4 34. Kf1 Ne7 35. Ke1 Ned5 36. Kd2 Kf8 37. Nc5 Nc6 38. Nb3 Ndb4 39. Nb2 Ke7 40. Nxd3 Nxd3 41.
Kxd3 Kd6 42. Kc4 f6 43. f4 Ne7 44. Nc5 Nf5 45. Ne4+ Kc6 46. Kd3 Kb5 47. Kc3 Ka4 48.
Kc4 Ka3 49. d5 Ne3+ 50. Kd4 Nxd5 51. Nc5 Nc7 52. Nd7 Kb4 53. Nf8 Kb5 54. Nd7 Kc6 55.
Nc5 Kd6 56. Ne4+ Ke7 57. Nf2 Nb5+ 58. Ke4 Nd6+ 59. Kd4 Nf5+ 60. Kd3 Nxg3 61. Ke3 Nf5+ 62. Kf3 Nxh4+ 63. Kg3 Nf5+ 0-1

[Event "*** Titled Tuesday Blitz"]
[Site "Chess.com"]
[Date "2020.11.10"]
[Round "5"]
[White "swimmerchess"]
[Black "Neftegor"]
[Result "1-0"]
[WhiteElo "2830"]
[BlackElo "2460"]
[TimeControl "180+1"]
[EndTime "10:58:36 PST"]
[Termination "swimmerchess won by checkmate"]

1. e4 e5 2. Nf3 Nc6 3. Bb5 a6 4. Ba4 Nf6 5. O-O Be7 6. Re1 b5 7. Bb3 d6 8. c3 O-O 9. h3 Nb8 10. d4 Nbd7 11. Nbd2 Bb7 12. Bc2 Re8 13. Nf1 Bf8 14. Ng3 g6 15. Bg5 h6 16. Bd2 c5 17.
d5 c4 18. b3 cxb3 19. axb3 Rc8 20. Bd3 Nc5 21. Bf1 h5 22. b4 Na4 23. Qb3 Nb6 24. Bg5 Be7 25. Be3 Nfd7 26. Nd2 Bg5 27. c4 h4 28. Nh1 bxc4 29. Nxc4 Nxc4 30. Bxc4 Ra8 31. f3 Bxe3+ 32. Rxe3 Qb6 33. Nf2 Rec8 34. Rc3 Nf6 35. Rac1 Nh5 36. Qb2 Nf4 37. Kh2 a5 38. b5 a4 39. Ng4 Kg7 40. Ra3 Qd4 41. Qb4 Qc5 42. Qc3 f6 43. Ra2 Bxd5 44. exd5 Nxd5 45. Qd2 Nb4 46. Qh6# 1-0

[Event "*** Titled Tuesday Blitz"]
[Site "Chess.com"]
[Date "2020.11.10"]
[Round "5"]
[White "Fortitudine"]
[Black "Mr_Heisenberg13"]
[Result "1-0"]
[WhiteElo "2297"]
[BlackElo "2479"]
[TimeControl "180+1"]
[EndTime "10:58:36 PST"]
[Termination "Fortitudine won by resignation"]

1. c4 Nf6 2. g3 e6 3. Bg2 d5 4.
Nf3 Be7 5. O-O O-O 6. b3 b6 7.
cxd5 exd5 8. d4 Bb7 9. Bb2 Ne4 10. Nc3 Nd7 11. Rc1 a6 12. Ne5 Nxc3 13. Rxc3 Nxe5 14.
dxe5 Qd7 15. f4 c5 16. Rd3 d4 17. Bxb7 Qxb7 18. e3 Rfd8 19. exd4 cxd4 20. Qf3 Qc7 21.
Rfd1 Qc2 22. Qg2 Qc7 23. Bxd4 Rac8 24. Bf2 Rxd3 25. Rxd3 Qc2 26. Qd5 Qxa2 27. e6 Rf8 28. exf7+ Rxf7 29. Re3 Bf8 30. Re8 Qa3 31. Bxb6 h6 32.
Bc5 Qc1+ 33. Kg2 Qd2+ 34. Qxd2 1-0

[Event "*** Titled Tuesday Blitz"]
[Site "Chess.com"]
[Date "2020.11.10"]
[Round "5"]
[White "ponzianipower"]
[Black "LubovMarkelova"]
[Result "0-1"]
[WhiteElo "1965"]
[BlackElo "2225"]
[TimeControl "180+1"]
[EndTime "10:58:36 PST"]
[Termination "LubovMarkelova won on time"]

1. e4 e6 2. d4 d5 3. exd5 exd5 4. Nf3 Bd6 5. Bd3 Nc6 6. O-O Nge7 7. c3 Bg4 8. h3 Bh5 9. Re1 Qd7 10. Bg5 f6 11. Be3 O-O-O 12. Nbd2 g5 13. Qa4 Kb8 14. c4 Nxd4 15.
Qxd7 Nxf3+ 16. Nxf3 Rxd7 17. c5 Bf4 18. Bxf4 gxf4 19.
Nd4 Bg6 20. Rad1 Bxd3 21. Rxd3 Ng6 22. c6 bxc6 23. Nxc6+ Kb7 24. Rc1 Ne5 25. Rb3+ Ka8 26. Nd4 Rb8 27. Ne6 Rxb3 28. axb3 c6 29. Nxf4 Kb7 30. Ne6 Re7 31. Nd4 Kb6 32. f4 c5 33.
fxe5 cxd4 34. exf6 Rf7 35. Rd1 Kc5 36. b4+ Kc4 0-1

[Event "*** Titled Tuesday Blitz"]
[Site "Chess.com"]
[Date "2020.11.10"]
[Round "5"]
[White "exoticprincess"]
[Black "GigaQuparadze"]
[Result "1-0"]
[WhiteElo "2884"]
[BlackElo "2748"]
[TimeControl "180+1"]
[EndTime "10:58:38 PST"]
[Termination "exoticprincess won by resignation"]

1. d4 Nf6 2. c4 e6 3. Nc3 Bb4 4. e3 b6 5. Ne2 O-O 6. a3 Bd6 7. e4 Be7 8. Ng3 d6 9. Bd3 e5 10. d5 a5 11. Rb1 Nfd7 12. b4 axb4 13. axb4 Bg5 14. O-O Bxc1 15. Qxc1 Nf6 16. h3 Bd7 17.
Qe3 Ra3 18. Nge2 Ra8 19. c5 bxc5 20. bxc5 c6 21. cxd6 Ne8 22. Qc5 Qf6 23. Rxb8 Rxb8 24. dxc6 Rc8 25. Nd5 Qxd6 26. Qxd6 Nxd6 27. cxd7 Rcd8 28.
Nb6 Rb8 29. Rb1 Rfd8 30. Nc3 Nb7 31. Rb5 Nd6 32. Rb1 Nb7 33. Ncd5 Kf8 34. Rc1 Nd6 35. Rc6 Nb7 36. Rc8 Nd6 37. Rxb8 Rxb8 38. Nc8 Nb7 39. Ndb6 Nd8 40. Ba6 Ne6 41. f3 g6 42. Kf2 f5 43.
Ke3 Kg7 44. Kd2 Kf6 45. Bc4 Nd8 46. Bd5 Kg5 47. g3 f4 48. h4+ Kf6 49. g4 h6 50. Kc3 Kg7 51. Kc4 Kf6 52. Kc5 1-0

[Event "*** Titled Tuesday Blitz"]
[Site "Chess.com"]
[Date "2020.11.10"]
[Round "5"]
[White "BilodeauA"]
[Black "Rakhimzhan_Alen"]
[Result "1-0"]
[WhiteElo "2909"]
[BlackElo "2632"]
[TimeControl "180+1"]
[EndTime "10:58:38 PST"]
[Termination "BilodeauA won by resignation"]

1. d4 Nf6 2. Nc3 d5 3. Bf4 a6 4. e3 c5 5. Nf3 Nc6 6. Ne5 cxd4 7.
exd4 Bf5 8. g4 Nxe5 9. dxe5 Nxg4 10. Qxd5 Qxd5 11. Nxd5 Rc8 12. f3 g5 13. Bg3 Nh6 14. c3 Be6 15. Ne3 Nf5 16. Nxf5 Bxf5 17. O-O-O h5 18. h4 g4 19. Bd3 Bxd3 20. Rxd3 gxf3 21. Rxf3 Bh6+ 22. Kc2 Rg8 23. Rhf1 e6 24. Bf4 Bxf4 25. Rxf4 Rg2+ 26. Kb3 Rc7 27. a4 b6 28. Re4 a5 29.
Rf6 Kf8 30. Rh6 Rg4 31. Rd4 Rc5 32. Rxh5 Rxd4 33. cxd4 Rc1 34. Rh8+ Kg7 35. Rb8 Rc6 36. Rb7 Kg6 37. h5+ Kxh5 38. Rxf7 Kg5 39. Rf8 Kg6 40. Rf6+ Kg5 41. d5 Rc5 42. Rxe6 Rxd5 43. Rxb6 Kf5 44. Rb5 Rd3+ 45. Kc4 Rd2 46. b3 Rc2+ 47. Kd4 Rd2+ 48. Kc3 Rd1 49. Rxa5 Ke4 50. Rc5 Rc1+ 51. Kb4 1-0

[Event "*** Titled Tuesday Blitz"]
[Site "Chess.com"]
[Date "2020.11.10"]
[Round "5"]
[White "1977Ivan"]
[Black "Mr_Sinigami"]
[Result "1-0"]
[WhiteElo "2707"]
[BlackElo "2529"]
[TimeControl "180+1"]
[EndTime "10:58:39 PST"]
[Termination "1977Ivan won on time"]

1. e4 c5 2. Nf3 e6 3. d3 Nc6 4. g3 d5 5. Qe2 Nf6 6. Bg2 Be7 7. O-O b5 8. exd5 exd5 9. c4 bxc4 10. dxc4 Ba6 11.
b3 O-O 12. Rd1 Qb6 13. Nc3 Rfe8 14. Nb5 Ne4 15. Bb2 Bf6 16. Bxf6 Nxf6 17. Qf1 Rad8 18. Rac1 dxc4 19. bxc4 Bxb5 20. cxb5 Nd4 21. Nxd4 cxd4 22. Bc6 Re6 23. Qc4 Ng4 24. Qc5 Ne5 25. Bg2 h5 26. h3 h4 27. f4 Nd7 28. Qxd4 hxg3 29. Qxb6 axb6 30. Bc6 Re7 31. Rd3 1-0

[Event "*** Titled Tuesday Blitz"]
[Site "Chess.com"]
[Date "2020.11.10"]
[Round "5"]
[White "26andrej26"]
[Black "lucachess49"]
[Result "1-0"]
[WhiteElo "2539"]
[BlackElo "2360"]
[TimeControl "180+1"]
[EndTime "10:58:39 PST"]
[Termination "26andrej26 won on time"]

1. e4 e5 2. Nf3 Nc6 3. Bb5 a6 4. Ba4 Nf6 5. O-O Be7 6. Re1 b5 7. Bb3 d6 8. c3 O-O 9. h3 Na5 10.
Bc2 c5 11. d4 Qc7 12. Nbd2 Nc6 13. a3 c4 14. Nf1 h6 15. a4 Bd7 16. Ng3 Rfd8 17. d5 Na5 18. Nh4 Nxd5 19. Nhf5 Bxf5 20. Nxf5 Nf6 21. Qf3 Nc6 22. Qg3 g6 23. Nxh6+ Kf8 24. Be3 d5 25. exd5 Nxd5 26. Qf3 Bf6 27. Ng4 Bg7 28.
Bxg6 Nxe3 29. Rxe3 e4 30. Rxe4 Rd3 31. Ne3 Rad8 32. Bh5 Ne5 33. Qf5 f6 34. axb5 Qd7 35.
Qxd7 R8xd7 36. bxa6 Ra7 37. Nxc4 Nxc4 38. Rxc4 Rd6 39.
Rca4 Rb6 40. Re1 Bh6 41. b4 1-0

[Event "*** Titled Tuesday Blitz"]
[Site "Chess.com"]
[Date "2020.11.10"]
[Round "5"]
[White "Basyak97"]
[Black "AungTZ"]
[Result "0-1"]
[WhiteElo "2320"]
[BlackElo "2122"]
[TimeControl "180+1"]
[EndTime "10:58:40 PST"]
[Termination "AungTZ won by checkmate"]

1. d4 Nf6 2. c4 e6 3. Nc3 d5 4.
Nf3 Be7 5. Bg5 O-O 6. e3 Ne4 7. Bxe7 Qxe7 8. Bd3 f5 9. O-O c6 10. Ne2 Nd7 11. Rb1 Kh8 12. b4 b6 13. Qa4 Bb7 14.
cxd5 exd5 15. Rfc1 b5 16. Qd1 Nb6 17. Nf4 Nc4 18.
Be2 a5 19. bxa5 Rxa5 20. a4 Rxa4 21. Nd3 g5 22. Nfe5 Ra2 23. Ra1 Rfa8 24. Rxa2 Rxa2 25.
Bf1 Nxe5 26. dxe5 c5 27. e6 c4 28. Ne5 Qxe6 29. Qd4 Kg8 30. f4 gxf4 31. exf4 Rd2 32.
Qa7 Qe7 33. Qb8+ Kg7 34. Ra1 Qc5+ 35. Kh1 Nf2+ 36. Kg1 Nh3+ 37. Kh1 Qg1# 0-1

[Event "*** Titled Tuesday Blitz"]
[Site "Chess.com"]
[Date "2020.11.10"]
[Round "5"]
[White "Zhuu96"]
[Black "maciek_92"]
[Result "1-0"]
[WhiteElo "2901"]
[BlackElo "2765"]
[TimeControl "180+1"]
[EndTime "10:58:41 PST"]
[Termination "Zhuu96 won on time"]

1. d4 f5 2. Bg5 g6 3. h4 Bg7 4.
h5 h6 5. Bc1 g5 6. Nc3 d5 7. e3 c6 8. Bd3 Nf6 9. Nf3 Ne4 10. Ne5 Bxe5 11. dxe5 Nxc3 12. bxc3 Qc7 13. f4 g4 14. a4 Be6 15. Ba3 c5 16. Qb1 Kf7 17.
O-O Nd7 18. c4 dxc4 19. Be2 Qc6 20. c3 Rhg8 21. e4 fxe4 22. f5 Nxe5 23. fxe6+ Kxe6 24. Qc1 Nf3+ 25. Kf2 Raf8 26. Bxc4+ Ke5 27. Ke2 Rg5 28.
Qe3 b6 29. gxf3 gxf3+ 30. Ke1 Qxa4 31. Bd3 Rg2 32. c4 Qc6 33. Rf2 Rg1+ 34. Bf1 Rd8 35.
Rxf3 Rd4 36. Qf4+ Ke6 37. Qe3 1-0

[Event "*** Titled Tuesday Blitz"]
[Site "Chess.com"]
[Date "2020.11.10"]
[Round "5"]
[White "bascheyaro"]
[Black "PSvidler"]
[Result "1-0"]
[WhiteElo "2751"]
[BlackElo "2869"]
[TimeControl "180+1"]
[EndTime "10:58:41 PST"]
[Termination "bascheyaro won by resignation"]

1. d4 Nf6 2. Bf4 c5 3. e3 e6 4. Nf3 Nc6 5. Be2 d5 6. O-O Bd6 7. Bg3 O-O 8. a3 b6 9. c4 cxd4 10. exd4 dxc4 11. Bxc4 Bb7 12. Nc3 Bxg3 13. hxg3 Ne7 14.
Ba2 Rc8 15. Qd3 Ned5 16. Ne2 g6 17. Rac1 Kg7 18. Ne5 Qe7 19. Bb1 Nd7 20. Qd2 Qd6 21. Ng4 N5f6 22. Qh6+ Kg8 23. Nxf6+ Nxf6 24. Rfd1 Rxc1 25.
Qxc1 Rc8 26. Qf4 Qxf4 27. gxf4 Nd5 28. g3 Ba6 29. Rc1 Rxc1+ 30. Nxc1 Ne7 31. Be4 Bc4 32. f3 Kg7 33. Kf2 h5 34. b3 Bd5 35. Bc2 f6 36.
Ne2 g5 37. fxg5 fxg5 38. f4 g4 39. b4 Kf6 40. Nc3 Bc6 41. Ke3 Nd5+ 42. Nxd5+ Bxd5 43. Bd3 Bc6 44. Be2 Bd5 45. Bb5 Bc6 46. Bxc6 1-0

[Event "*** Titled Tuesday Blitz"]
[Site "Chess.com"]
[Date "2020.11.10"]
[Round "5"]
[White "Pertinhez76"]
[Black "Luklei18"]
[Result "1-0"]
[WhiteElo "2115"]
[BlackElo "2280"]
[TimeControl "180+1"]
[EndTime "10:58:41 PST"]
[Termination "Pertinhez76 won by resignation"]

1. d4 Nf6 2. Nf3 g6 3. Bf4 Bg7 4. Nc3 O-O 5. Qd2 d6 6. e4 c6 7. Bh6 Nbd7 8. h4 e5 9. h5 exd4 10. Nxd4 Nc5 11. Bxg7 Kxg7 12. hxg6 fxg6 13. Qh6+ Kg8 14.
f3 Qc7 15. O-O-O b5 16. Kb1 Ne6 17. Qh2 Nxd4 18. Rxd4 Rd8 19. e5 dxe5 20. Rxd8+ Qxd8 21. Qxe5 Bf5 22. g4 Qe8 23. Bc4+ bxc4 24. Qxf6 Bc8 25.
Rd1 Rb8 26. Rd8 Bxg4 27. Rxe8+ Rxe8 28. a4 Be6 29. Ne4 Bd5 30. Qd4 Re7 31. Nf6+ Kf8 32. Nxd5 cxd5 33. Qxd5 1-0

[Event "*** Titled Tuesday Blitz"]
[Site "Chess.com"]
[Date "2020.11.10"]
[Round "5"]
[White "crazy_but_lazy"]
[Black "FMOlexandrProhorov"]
[Result "1-0"]
[WhiteElo "2470"]
[BlackElo "2132"]
[TimeControl "180+1"]
[EndTime "10:58:44 PST"]
[Termination "crazy_but_lazy won on time"]

1. e4 c5 2. Nf3 d6 3. Nc3 Nc6 4. Bb5 Bd7 5. d3 g6 6. O-O Bg7 7. Bg5 Nf6 8. a4 O-O 9. Qd2 Re8 10. Bh6 Bh8 11. h3 Qc8 12. Ng5 Nd4 13. Bc4 e6 14. Ne2 Nxe2+ 15. Qxe2 d5 16. Bb3 Bc6 17. e5 Nd7 18. f4 Bg7 19. Bxg7 Kxg7 20. c3 Qc7 21. Rae1 b5 22. axb5 Bxb5 23. c4 dxc4 24. Bxc4 Bxc4 25. dxc4 Nb8 26. Ne4 Nc6 27. Qf2 Nd4 28. Qh4 Qe7 29. Qf6+ Qxf6 30. exf6+ Kf8 31. Nxc5 Rec8 32. Nd7+ Ke8 33.
Ne5 Rab8 34. Rd1 Nf5 35. Rd7 Rxb2 36. Rxf7 Ne3 37. Rxh7 Rxg2+ 38. Kh1 Kd8 39. Rd1+ 1-0

[Event "*** Titled Tuesday Blitz"]
[Site "Chess.com"]
[Date "2020.11.10"]
[Round "5"]
[White "IMRosen"]
[Black "Chernov_Mikhail"]
[Result "1-0"]
[WhiteElo "2573"]
[BlackElo "2343"]
[TimeControl "180+1"]
[EndTime "10:58:45 PST"]
[Termination "IMRosen won on time"]

1. d4 d5 2. Bf4 Nf6 3. e3 c5 4. Nf3 Nc6 5. Nbd2 e6 6. c3 Qb6 7. Qb3 c4 8. Qc2 Be7 9. Rb1 O-O 10. e4 Qd8 11. e5 Nh5 12. Be3 f5 13. exf6 Nxf6 14. Be2 Ng4 15. O-O Bd7 16. b3 b5 17.
bxc4 bxc4 18. h3 Nxe3 19. fxe3 Bg5 20. e4 Bf4 21. Rb7 Rb8 22. Rfb1 Rxb7 23. Rxb7 Be8 24. Nf1 Bg6 25. Qa4 dxe4 26. Qxc6 exf3 27. Qxe6+ Bf7 28.
Rxf7 Rxf7 29. Bxc4 Qf8 30. gxf3 1-0

[Event "*** Titled Tuesday Blitz"]
[Site "Chess.com"]
[Date "2020.11.10"]
[Round "5"]
[White "Boudicca64"]
[Black "MIJuanReyesRosa"]
[Result "1-0"]
[WhiteElo "1843"]
[BlackElo "2117"]
[TimeControl "180+1"]
[EndTime "10:58:45 PST"]
[Termination "Boudicca64 won on time"]

1. e4 c5 2. g3 e6 3. Bg2 d5 4.
exd5 exd5 5. Ne2 Nf6 6. d4 Nc6 7. O-O Be7 8. Nbc3 Bg4 9. f3 Bh5 10. Be3 c4 11. Nf4 Bg6 12. Nxg6 hxg6 13. Re1 O-O 14. Bg5 Bb4 15. a3 Bxc3 16. bxc3 Qa5 17. Qd2 Nd7 18. Be7 Rfe8 19. Bb4 Qc7 20. a4 b6 21. Qf4 Qxf4 22. gxf4 Nf6 23. Bd6 Rad8 24. Be5 Nh5 25. Bh3 f6 26. Bc7 Rxe1+ 27. Rxe1 Rf8 28.
Be6+ Kh7 29. Bxd5 Na5 30. Re7 Rc8 31. Be4 1-0

[Event "*** Titled Tuesday Blitz"]
[Site "Chess.com"]
[Date "2020.11.10"]
[Round "5"]
[White "eljanov"]
[Black "IrishMonkey"]
[Result "0-1"]
[WhiteElo "2788"]
[BlackElo "2473"]
[TimeControl "180+1"]
[EndTime "10:58:46 PST"]
[Termination "IrishMonkey won on time"]

1. e4 c5 2. Nf3 Nc6 3. Bb5 g6 4.
Bxc6 dxc6 5. d3 Bg7 6. h3 Nh6 7. Nc3 f6 8. Be3 b6 9. Qd2 Nf7 10. O-O-O e5 11. g4 a5 12. Kb1 O-O 13. Ne2 a4 14.
Ng3 Qe7 15. Nh2 a3 16. b3 Rd8 17. h4 Bd7 18. h5 b5 19. Qc3 Bf8 20. f4 exf4 21. Bxf4 Bg7 22. hxg6 hxg6 23. Rde1 Ne5 24. Be3 c4 25. bxc4 bxc4 26. d4 Nf7 27. Qxc4 Be6 28. Qc3 Rab8+ 29. Ka1 Rb2 30. d5 cxd5 31. Bc5 Qb7 32.
Qxa3 Rxc2 33. Nf5 gxf5 34. exf5 Bd7 35. Nf3 Rf2 0-1

[Event "*** Titled Tuesday Blitz"]
[Site "Chess.com"]
[Date "2020.11.10"]
[Round "5"]
[White "VladimirPotkin"]
[Black "wonderfultime"]
[Result "1-0"]
[WhiteElo "2696"]
[BlackElo "2930"]
[TimeControl "180+1"]
[EndTime "10:58:47 PST"]
[Termination "VladimirPotkin won on time"]

1. Nf3 Nf6 2. c4 c6 3. Nc3 d5 4. e3 a6 5. d4 Bf5 6. Ne5 Nbd7 7. Qb3 Rb8 8. cxd5 Nxe5 9. dxe5 Nxd5 10. e4 Nxc3 11.
exf5 Nd5 12. Bc4 g6 13. fxg6 hxg6 14. e6 Qd6 15. exf7+ Kxf7 16. g3 b5 17. Be2 Bg7 18. O-O Rbd8 19. Bf3 Qe6 20. Bg2 Bf6 21. Bd2 Nb6 22.
Qxe6+ Kxe6 23. Ba5 Rb8 24. Rae1+ Kf7 25. b3 Nd5 26.
Rc1 b4 27. Rxc6 Nc3 28. Re1 Rb5 29. Rxa6 Nxa2 30. Bf1 Rbh5 31. Bc4+ Kg7 32. h4 g5 33. Be2 R5h6 34. h5 Nc3 35. Bg4 1-0

[Event "*** Titled Tuesday Blitz"]
[Site "Chess.com"]
[Date "2020.11.10"]
[Round "5"]
[White "keepitcoming"]
[Black "kai_nov"]
[Result "1/2-1/2"]
[WhiteElo "2502"]
[BlackElo "2328"]
[TimeControl "180+1"]
[EndTime "10:58:48 PST"]
[Termination "Game drawn by repetition"]

1. d4 d5 2. c4 e6 3. Nc3 c6 4. e4 dxe4 5. Nxe4 Bb4+ 6. Nc3 c5 7.
a3 Ba5 8. Nf3 Nf6 9. Be2 Ne4 10.
Qd3 Nxc3 11. bxc3 cxd4 12. Nxd4 e5 13. Qe3 O-O 14. Nf3 e4 15. Nd4 Nc6 16. O-O Bb6 17.
Rd1 Qe7 18. Qg3 Rd8 19. Bg5 f6 20. Be3 Bc7 21. Qh4 Bd7 22. Rab1 Rab8 23. a4 Be5 24. Bg4 Bxg4 25. Qxg4 g6 26. g3 Kh8 27. Qxe4 f5 28. Qg2 Rd6 29. Nb5 Rxd1+ 30. Rxd1 Rd8 31. Rxd8+ Qxd8 32. Nxa7 Qd1+ 33. Qf1 Qf3 34. Nxc6 bxc6 35.
a5 f4 36. Bxf4 Bxf4 37. gxf4 Qg4+ 38. Qg2 Qd1+ 39. Qf1 Qg4+ 40. Qg2 Qd1+ 41. Qf1 Qg4+ 1/2-1/2

[Event "*** Titled Tuesday Blitz"]
[Site "Chess.com"]
[Date "2020.11.10"]
[Round "5"]
[White "monalize"]
[Black "MPGM"]
[Result "0-1"]
[WhiteElo "2300"]
[BlackElo "2466"]
[TimeControl "180+1"]
[EndTime "10:58:48 PST"]
[Termination "MPGM won by resignation"]

1. e4 c6 2. Nc3 d5 3. d4 dxe4 4. Nxe4 Nf6 5. Nxf6+ exf6 6. c3 Bd6 7. Bc4 O-O 8. Ne2 Na6 9. Be3 Nc7 10. Qb3 b5 11. Bd3 Nd5 12. Bd2 Re8 13. O-O h5 14. Rfe1 h4 15. h3 Be6 16. Qc2 Bc7 17. Be4 Qd6 18.
f4 Re7 19. Qd3 Rae8 20. Bf3 g6 21. Bg4 Bxg4 22. hxg4 Re4 23. Qf3 Qe6 24. Kf2 f5 25.
g5 Qd6 26. b3 Bb6 27. b4 a5 28. a3 axb4 29. axb4 Nxb4 30. cxb4 Bxd4+ 31. Nxd4 Qxd4+ 32. Be3 Rxe3 33. Rxe3 Rxe3 34. Qxe3 Qxa1 35. Qe8+ Kg7 36. Qxc6 Qb2+ 37. Kf3 Qxb4 38. Qd5 Qc3+ 39. Kf2 b4 40.
Qb7 b3 41. Qb6 b2 0-1

[Event "*** Titled Tuesday Blitz"]
[Site "Chess.com"]
[Date "2020.11.10"]
[Round "5"]
[White "AniJak"]
[Black "beto-betun"]
[Result "1-0"]
[WhiteElo "2375"]
[BlackElo "2197"]
[TimeControl "180+1"]
[EndTime "10:58:48 PST"]
[Termination "AniJak won by resignation"]

1. e4 c5 2. Nc3 Nc6 3. g3 g6 4.
Bg2 Bg7 5. d3 e6 6. Be3 d6 7. Qd2 Rb8 8. Nge2 a6 9. O-O Nge7 10. d4 cxd4 11. Nxd4 O-O 12. Rad1 Ne5 13. b3 Qc7 14. h3 Rd8 15. f4 N5c6 16. Nce2 b5 17.
Kh2 Bb7 18. f5 Nxd4 19. Nxd4 exf5 20. exf5 Bxg2 21. Qxg2 Bxd4 22. Bxd4 Nxf5 23. Rxf5 gxf5 24. Qd2 f6 25. Bxf6 Kf7 26. Bxd8 Rxd8 27. Qd5+ Kf6 28. Rd2 Qc3 29. Rf2 Qe5 30. Qd2 Re8 31. Qh6+ Ke7 32.
Qxh7+ Kd8 33. Qh4+ Kc7 34. c4 b4 35. Qf4 Qe1 36.
Qxf5 Re2 37. Qf7+ Kc6 38. Qf3+ Kc7 39. Rxe2 1-0